 Dungeon Crawl Stone Soup version 0.29.1-1-gd02db6906a (webtiles) character file.

Game seed: 17127155707275977708

121 LustLizard the Slasher (level 4, -3/34 HPs)
             Began as a Demonspawn Gladiator on Oct 18, 2022.
             Succumbed to a gnoll's poison
             ... on level 3 of the Dungeon.
             The game lasted 00:03:13 (2178 turns).

LustLizard the Slasher (Demonspawn Gladiator)       Turns: 2178, Time: 00:03:14

Health: -3/34      AC:  9    Str: 15    XL:     4   Next: 76%
Magic:  4/4        EV: 11    Int:  9    God:
Gold:   124        SH:  0    Dex: 16    Spells: 3/3 levels left

rFire   . . .      SeeInvis .   a - +0 long sword
rCold   . . .      Faith    .   (no shield)
rNeg    . . .      Spirit   .   i - +0 ring mail
rPois   .          Reflect  .   c - +0 helmet
rElec   .          Harm     .   v - +0 cloak
rCorr   .          Rampage  .   (no gloves)
Will    .....                   (no boots)
Stlth   +.........              (no amulet)
HPRegen 1.11/turn               (no ring)
MPRegen 0.09/turn               (no ring)

@: lethally poisoned (-3 -> -18)
A: yellow scales 1, powered by death 1, spiny 1
a: no special abilities


You were on level 3 of the Dungeon.
You visited 1 branch of the dungeon, and saw 3 of its levels.

You collected 124 gold pieces.

Inventory:

Hand Weapons
 a - a +0 long sword (weapon)
Missiles
 d - 2 throwing nets
 e - 6 javelins
 l - 18 stones (quivered)
Armour
 b - a +0 leather armour
 c - a +0 helmet (worn)
 i - a +0 ring mail (worn)
 v - a +0 cloak (worn)
Jewellery
 w - an amulet of reflection
Scrolls
 f - a scroll of poison {unknown}
 g - a scroll of silence {unknown}
 h - 4 scrolls of identify {unknown}
 k - 2 scrolls of magic mapping {unknown}
 m - a scroll of vulnerability {unknown}
 n - a scroll of teleportation {unknown}
 o - a scroll of fear {unknown}
 p - a scroll of acquirement {unknown}
 u - a scroll of summoning {unknown}
Potions
 j - a potion of heal wounds {unknown}
 q - a potion of mutation {unknown}
 r - a potion of attraction {unknown}
 s - a potion of curing {unknown}
 t - a potion of might
 x - a potion of resistance {unknown}


   Skills:
 + Level 2.8 Fighting
 * Level 3.8 Long Blades
 * Level 3.1 Throwing
 - Level 2.6 Dodging


You had 3 spell levels left.
You didn't know any spells.
Your spell library contained the following spells:

 Spells                   Type           Power      Damage    Failure   Level
 Tukima's Dance           Hex            0%         N/A       94%         3
 Passage of Golubria      Tloc           0%         N/A       100%        4
 Yara's Violent Unravell  Hex/Tmut       0%         3d3       100%        5


Dungeon Overview and Level Annotations

Branches:
Dungeon (3/15)

Altars:
Ashenzari


Innate Abilities, Weirdness & Mutations

You are partially covered in yellow scales. (AC +2)
You regenerate a little health from kills.
You are partially covered in sharp spines.


Message History

You now have 124 gold pieces (gained 5).
h - 4 scrolls labelled CUWNYPNOUZ (gained 1)
Found an escape hatch in the ceiling.
A gnoll comes into view. It is wielding a +1 spear of venom.
The gnoll shouts!
You hear a shout!
You hear an angry hiss.
A gnoll comes into view. It is wielding a +0 halberd.
There are monsters nearby!
A goblin comes into view. It is wielding a +0 dagger.
You start waiting.
A gnoll is nearby!
You throw a stone. The stone closely misses the gnoll.
The gnoll barely misses you.
You barely miss the gnoll. The gnoll closely misses you.
You closely miss the gnoll.
The gnoll hits you with a +1 spear of venom.
You are poisoned.
You hit the gnoll.
The gnoll is moderately wounded.
You feel very sick. The gnoll misses you.
You hit the gnoll but do no damage.
The gnoll is moderately wounded.
You feel very sick.
The gnoll hits you with a +1 spear of venom.
The gnoll is struck by your spines.
The gnoll hits you with a +1 spear of venom.
* * * LOW HITPOINT WARNING * * *
You are lethally poisoned!
Okay, then.
You hit the gnoll.
The gnoll is heavily wounded.
* * * LOW HITPOINT WARNING * * *
You feel very sick. The gnoll is struck by your spines.
The gnoll hits you with a +1 spear of venom.
* * * LOW HITPOINT WARNING * * *
You are more poisoned.
You hit the gnoll.
You kill the gnoll!
You die...

....###.########### #.#
###.##.#...)....... #.#
..#......#...#...#. #.#
_.'...##........... #.#
..#..###.#[..#...#. #.#
###.####........... #.#
.........####################.##
#....#......# #.# #.##.#..#>..##
###....#.##.# #@# #.##.#...#.#.#
..######.##.####)#
#.##.#......## ######
#.##......# #..........##
#.##..##### ####.###.### ..##..#
#.# #.# ####>.# #.# #.# #..# #.#
#.# #..########..##########.#
#.# ........................#
#.#


There were no monsters in sight!

Vanquished Creatures
  Crazy Yiuf (D:2)
  Robin (D:2)
  A gnoll (D:3)
  An adder (D:2)
  A worm (D:3)
  An orc (D:3)
  3 bats
  7 endoplasms
  5 giant cockroaches
  12 goblins
  8 hobgoblins
  4 kobolds (D:1)
  A quokka (D:1)
  15 frilled lizards
  3 rats (D:1)
64 creatures vanquished.

Vanquished Creatures (others)
  6 plants (D:1)
6 creatures vanquished.

Grand Total: 70 creatures vanquished

Notes
Turn   | Place    | Note
-------+----------+-------------------------------------------
     0 | D:1      | LustLizard the Demonspawn Gladiator began the quest for the
                  | Orb.
     0 | D:1      | Reached XP level 1. HP: 16/16 MP: 1/1
   276 | D:1      | Gained mutation: You regenerate a little health from kills.
                  | [demonic ancestry]
   276 | D:1      | Reached XP level 2. HP: 11/22 MP: 2/2
   392 | D:1      | Found a faded altar of an unknown god.
   564 | D:1      | Gained mutation: You are partially covered in yellow
                  | scales. (AC +2) [demonic ancestry]
   564 | D:1      | Reached XP level 3. HP: 28/28 MP: 3/3
  1206 | D:2      | Found a runed translucent door.
  1207 | D:2      | Noticed Crazy Yiuf
  1410 | D:2      | Noticed Robin
  1440 | D:2      | Gained mutation: You are partially covered in sharp spines.
                  | [demonic ancestry]
  1440 | D:2      | Reached XP level 4. HP: 33/34 MP: 4/4
  1447 | D:2      | Killed Robin
  1707 | D:2      | Killed Crazy Yiuf
  2024 | D:3      | Found a broken altar of Ashenzari.
  2178 | D:3      | Succumbed to a gnoll's poison

Illustrated notes

Levels and vault maps discovered:
D:1:      amcnicky_arrival_feature_with_door, layout_basic,
          ebering_ecumenical_altar_rust, minmay_lizard_king
D:2:      layout_basic, nicolae_elevator_lobby_asterisk,
          uniq_crazy_yiuf_cottage, uniq_robin
D:3:      layout_loops_ring, nicolae_ashenzari_skybound,
          lemuel_coloured_pillars_altar

Skill      XL: |  1  2  3  4 |
---------------+-------------+-----
Throwing       | 2 3 |  3.1
Long Blades    | 3 |  3.8
Fighting       | |  2.8
Dodging        | |  2.6

Action                   |  1- 3 |  4- 6 || total
-------------------------+-------+-------++-------
Melee: Long sword        |   133 |    31 ||   164
       Punch             |       |     1 ||     1
Throw: Stone             |       |     1 ||     1
       Throwing net      |       |     1 ||     1
 Stab: Sleeping          |     1 |       ||     1
Armor: Leather armour    |    16 |       ||    16
       Ring mail         |    71 |     3 ||    74
Dodge: Dodged            |   131 |    11 ||   142
